 Dungeon Crawl Stone Soup version 0.22.0-27-ga576289 (webtiles) character file.

4270 HEYYEYAAE the Spear-Bearer (level 9, -3/67 HPs)
             Began as a Demigod Gladiator on Aug 21, 2018.
             Slain by a yak (8 damage)
             ... on level 9 of the Dungeon.
             The game lasted 00:13:28 (8963 turns).

HEYYEYAAE the Spear-Bearer (Demigod Gladiator)      Turns: 8963, Time: 00:13:29

Health: -3/67      AC:  8    Str: 23    XL:     9   Next: 85%
Magic:  25/25      EV: 13    Int: 12    God:
Gold:   439        SH:  4    Dex: 17    Spells: 8/8 levels left

rFire    . . .     SeeInvis .   h - +4 quarterstaff (chaos)
rCold    . . .     Gourm    .   (shield currently unavailable)
rNeg     . . .     Faith    .   D - +2 robe of Qareck {rElec}
rPois    .         Spirit   .   c - +0 helmet
rElec    +         Reflect  +   l - +2 cloak {+Inv}
rCorr    .         Harm     .   (no gloves)
MR       +....                  (no boots)
Stlth    ++........             e - +4 amulet of reflection
HPRegen  0.21/turn              j - ring of protection from magic
MPRegen  0.19/turn              n - ring of magical power

@: no status effects
A: high mp 1
a: Evoke Invisibility


You were on level 9 of the Dungeon.
You were hungry.

You visited 1 branch of the dungeon, and saw 9 of its levels.
You also visited: Sewer.

You collected 530 gold pieces.
You spent 91 gold pieces at shops.

Inventory:

Hand Weapons
 a - a +0 trident
 h - a +4 quarterstaff of chaos (weapon)
 r - a +1 spear
 s - a +2 short sword of draining
 E - a cursed +0 trident
Missiles
 d - 5 throwing nets (quivered)
Armour
 b - a +0 leather armour
 c - a +0 helmet (worn)
 l - a +2 cloak of invisibility (worn)
 u - a +1 animal skin
 D - the +2 robe of Qareck (worn) {rElec}
   (You found it on level 7 of the Dungeon)

   It insulates you from electricity.
Jewellery
 e - a +4 amulet of reflection (around neck)
 j - a ring of protection from magic (left hand)
 n - a ring of magical power (right hand)
Wands
 t - a wand of random effects (12)
 z - a wand of iceblast (2)
 B - a wand of flame (29)
Scrolls
 i - 5 scrolls of teleportation
 m - 5 scrolls of remove curse
 q - a scroll of amnesia
 v - 2 scrolls of enchant armour
 w - a scroll of immolation
 x - 2 scrolls of fog
 y - a scroll of magic mapping
 C - a scroll of blinking
Potions
 g - 2 potions of curing
 o - 2 potions of heal wounds
 p - 2 potions of flight
 A - 2 potions of magic
 F - a potion of agility {unknown}
Comestibles
 f - 12 rations


   Skills:
 - Level 1.7 Fighting
 * Level 12.0 Polearms
 - Level 1.7 Throwing
 - Level 2.6 Dodging
 + Level 6.1 Evocations


You had 8 spell levels left.
You didn't know any spells.
Your spell library contained the following spells:

 Spells                   Type           Power        Failure   Level  Hunger
 Magic Dart               Conj           #...         32%         1    ##.....
 Blink                    Tloc           N/A          45%         2    ###....
 Call Imp                 Summ           #.......     45%         2    ###....
 Slow                     Hex            #.......     45%         2    ###....
 Conjure Flame            Conj/Fire      #.......     69%         3    ####...
 Mephitic Cloud           Conj/Pois/Air  #.......     69%         3    ####...


Dungeon Overview and Level Annotations

Branches:
Dungeon (9/15)             Temple (0/1) D:4
   Lair: D:8-11         Orc: D:9-12

Shops:
D:4 *?([

Annotations:
D:8 1 transporter


Innate Abilities, Weirdness & Mutations

You have an increased reservoir of magic. (+10% MP)


Message History

The yak completely misses you.
You sock the yak!
You kill the yak!
Your Polearms skill increases to level 12!
You barely miss the yak. You hit the yak. You burn the yak.
The yak is lightly wounded.
The yak gores you but does no damage.
You barely miss the yak.
The yak is lightly wounded.
The yak gores you!
* * * LOW HITPOINT WARNING * * *
You hit the yak.
The yak is poisoned.
The yak is moderately wounded.
The yak gores you!
* * * LOW HITPOINT WARNING * * *
You hit the yak. You burn the yak.
The yak is moderately wounded.
The yak gores you!
You die... #################.. .......<...@Y.....# ###################

You could see a yak.

Vanquished Creatures
  The ghost of bmj180 the Slasher, an amateur MiFi (D:4)
  Grinder (D:3)
  Sigmund (D:3)
  A hungry ghost (D:7)
  Grum (D:8)
  4 yaks (D:9)
  The ghost of Artagas the Skirmisher, an amateur GrGl (D:3)
  2 ice beasts
  2 black bears
  4 sky beasts
  2 wolves (D:8)
  3 ogres
  A big kobold (D:9)
  A bullfrog (D:8)
  3 killer bees (D:8)
  3 howler monkeys
  3 crimson imps
  3 jellies
  Crazy Yiuf (D:3)
  2 hounds
  3 orc priests
  A centaur skeleton (D:6)
  Jessica (D:3)
  4 iguanas
  5 orc wizards
  A worker ant (D:8)
  A hound zombie (D:7)
  A howler monkey zombie (D:7)
  2 worker ant zombies
  17 adders
  2 river rats (Sewer)
  2 shadow imps
  An adder zombie (D:5)
  4 worms
  2 dart slugs
  2 leopard geckos
  23 orcs
  6 ball pythons
  5 giant cockroaches
  4 hobgoblins
  16 jackals
  4 quokkas
  8 bats
  3 frilled lizards
  8 goblins
  A jackal skeleton (D:6)
  22 kobolds
  A leopard gecko skeleton (D:5)
  25 rats
  2 fungi (D:3)
217 creatures vanquished.

Vanquished Creatures (others)
  A yak (D:9)
1 creature vanquished.

Grand Total: 218 creatures vanquished

Notes
Turn   | Place    | Note
-------+----------+-------------------------------------------
     0 | D:1      | HEYYEYAAE the Demigod Gladiator began the quest for the Orb.
     0 | D:1      | Reached XP level 1. HP: 17/17 MP: 3/3
    73 | D:1      | Reached skill level 3 in Polearms
   107 | D:1      | Reached XP level 2. HP: 3/24 MP: 4/4
  1365 | D:2      | Reached skill level 4 in Polearms
  1365 | D:2      | Reached XP level 3. HP: 27/29 MP: 5/5
  1417 | D:2      | Reached XP level 4. HP: 29/36 MP: 6/6
  1772 | D:2      | Reached skill level 5 in Polearms
  2651 | D:3      | Reached XP level 5. HP: 38/41 MP: 7/7
  2714 | D:3      | Noticed Sigmund
  2728 | D:3      | Killed Sigmund
  2728 | D:3      | Reached skill level 6 in Polearms
  2728 | D:3      | Reached XP level 6. HP: 31/48 MP: 8/8
  2900 | D:3      | Noticed Jessica
  2925 | D:3      | Killed Jessica
  3055 | D:3      | Noticed Artagas's ghost (amateur GrGl)
  3058 | D:3      | Found a runed door.
  3186 | D:3      | Reached skill level 7 in Polearms
  3583 | D:3      | Noticed Grinder
  3615 | D:3      | Killed Grinder
  3615 | D:3      | Reached skill level 8 in Polearms
  3615 | D:3      | Reached XP level 7. HP: 26/53 MP: 9/9
  3946 | D:3      | Found a runed door.
  3959 | D:3      | Noticed Crazy Yiuf
  3969 | D:3      | Killed Crazy Yiuf
  4057 | D:4      | Found a runed door.
  4075 | D:4      | Got a heavily runed leather armour
  4078 | D:4      | Noticed bmj180's ghost (amateur MiFi)
  4350 | D:4      | Found a hazy altar of Hepliaklqana.
  4717 | D:4      | Found a staircase to the Ecumenical Temple.
  4758 | D:4      | Found Ateoc's Magic Scroll Shoppe.
  4758 | D:4      | Found Abbun's Antique Armour Shoppe.
  4762 | D:4      | Found Putuxt's Assorted Antiques.
  4763 | D:4      | Found Zapemp's Weapon Shoppe.
  4766 | D:4      | Bought a scroll of fear for 49 gold pieces
  4766 | D:4      | Bought a scroll of teleportation for 42 gold pieces
  4953 | D:4      | Killed bmj180's ghost
  4953 | D:4      | Reached skill level 1 in Evocations
  5069 | D:5      | Entered Level 5 of the Dungeon
  5077 | D:5      | Reached skill level 9 in Polearms
  5261 | D:5      | Reached XP level 8. HP: 58/60 MP: 12/12
  5564 | D:5      | Found a glowing drain.
  5575 | Sewer    | Entered a sewer
  5970 | D:4      | Identified the +1 leather armour of Zeyn {rC- Int+4} (You found it on level 4 of the Dungeon)
  5990 | D:5      | Reached skill level 10 in Polearms
  6890 | D:7      | Got a steaming robe
  6901 | D:7      | Identified the +2 robe of Qareck {rElec} (You found it on level 7 of the Dungeon)
  7107 | D:7      | Reached XP level 9. HP: 55/67 MP: 15/15
  7463 | D:3      | Killed Artagas's ghost
  7585 | D:8      | Found a blossoming altar of Fedhas.
  7602 | D:8      | Reached skill level 11 in Polearms
  7619 | D:8      | Found a corrupted altar of Lugonu.
  7621 | D:8      | Noticed Grum
  7634 | D:8      | Killed Grum
  7634 | D:8      | Reached skill level 5 in Evocations
  7971 | D:8      | Found a transporter.
  8281 | D:8      | Noticed a white ugly thing
  8282 | D:8      | Noticed a brown ugly thing
  8283 | D:8      | Found a transporter.
  8283 | D:8      | Noticed a red ugly thing
  8283 | D:8      | Noticed a cyan ugly thing
  8284 | D:8      | Noticed a green ugly thing
  8633 | D:9      | Noticed an elephant
  8958 | D:9      | Reached skill level 12 in Polearms
  8963 | D:9      | Slain by a yak

Skill      XL: |  1  2  3  4  5  6  7  8  9 |
---------------+----------------------------+-----
Polearms       | 3 4 5 6 8 9 10 12 | 12.0
Evocations     | 2 4 6 |  6.1
Fighting       | |  1.7
Throwing       | |  1.7
Dodging        | |  2.6

Action                   |  1- 3 |  4- 6 |  7- 9 || total
-------------------------+-------+-------+-------++-------
Melee: Trident           |    72 |       |       ||    72
       Short sword       |    35 |   207 |    35 ||   277
       Scythe            |       |    12 |       ||    12
       Quarterstaff      |       |       |   409 ||   409
 Abil: Evoke Invisibilit |       |       |     2 ||     2
  Use: Potion            |       |     6 |     6 ||    12
       Scroll            |       |       |    18 ||    18
 Stab: Sleeping          |     2 |     3 |     2 ||     7
       Paralysed         |       |       |     4 ||     4
       Invisible         |       |       |     2 ||     2
  Eat: Ration            |     1 |       |     5 ||     6
       Chunk             |       |     5 |     6 ||    11
Armor: Leather armour    |    32 |    44 |    71 ||   147
       Robe              |       |       |    35 ||    35
       Skin              |       |       |     8 ||     8
Dodge: Dodged            |    97 |   120 |   220 ||   437
Block: Other             |    14 |    35 |    49 ||    98
       Reflection        |       |       |     2 ||     2
